[Event "WYCC 2018 G18"]
[Site "Halkidiki"]
[Date "2018.10.30"]
[Round "11"]
[White "Nistor, Valentina"]
[Black "Vanduyfhuys, Daria"]
[Result "0-1"]
[ECO "B30"]
[WhiteElo "1881"]
[BlackElo "2058"]
[Annotator "NA"]
[PlyCount "146"]
[EventDate "2018.10.20"]
[EventType "swiss"]
[EventCountry "GRE"]
[SourceTitle "playchess.com"]
[Source "ChessBase"]
[SourceQuality "1"]
[TimeControl "40/5400+30:1800+30"]

1. e4 c5 2. Nf3 Nc6 3. c3 d5 4. exd5 Qxd5 5. d4 Nf6 6. Be3 cxd4 7. cxd4 e6 8. Nc3 Qd8 9. a3 Be7 10. Bd3 O-O 11. O-O b6 12. Qc2 Bb7 13. Rad1 {[%emt 0:07:35] B22: Sicilian: 2 c3} h6 (13... g6 14. Rfe1 Rc8 15. Qe2 Re8 16. Bh6 Ng4 17. Bf4 Nf6 18. Bc4 Na5 19. Bb5 Bc6 20. Ba6 Bb7 21. Bb5 Bc6 22. Ba6 Bb7 {½-½ (23) Lindberg,B (2416)-Golubka,P (2478) Gothenburg 2018}) 14. Qd2 Re8 15. Rfe1 Rc8 16. Qe2 Nd5 $146 ({Predecessor:} 16... Bf8 17. Ne5 Re7 18. Bb1 Qc7 19. Bf4 Nxe5 20. Bxe5 {0-1 (44) Tuominen,M-Ebeling,M (2320) Tampere 1988}) 17. Bc1 Na5 18. Ne5 Bg5 19. Qh5 Rf8 20. Ne4 $2 (20. Bxg5 $14 {keeps the upper hand.} Qxg5 21. Qxg5 hxg5 22. Nb5) 20... Bxc1 21. Rxc1 Rxc1 22. Rxc1 Nf4 23. Qf3 Nxd3 24. Qxd3 Qd5 25. f3 Rd8 26. Ng4 Qxd4+ 27. Qxd4 Rxd4 28. Ngf2 f5 29. Nc3 Ba6 30. b4 Nb3 31. Re1 Bc4 32. Nfd1 Rd3 33. Kf2 Kf7 34. Kg3 Kf6 35. Ne2 Rxd1 36. Rxd1 Bxe2 37. Rd7 a5 38. bxa5 Nxa5 39. a4 Bc4 40. Rd6 b5 41. Ra6 Nb3 42. axb5 Bxb5 43. Rb6 Bc4 44. h4 Bd5 45. Kf4 g5+ 46. hxg5+ hxg5+ 47. Ke3 Ke5 48. Rb4 f4+ 49. Kf2 Nc5 50. Rb8 Nd7 51. Rg8 Kf5 52. Rg7 Ne5 53. Rg8 g4 54. Rf8+ Kg5 55. Rg8+ Kh5 56. Rf8 gxf3 57. gxf3 Kg5 58. Rg8+ Kf6 59. Rd8 Nxf3 60. Rf8+ Ke5 61. Rb8 Nd4 62. Rb4 Ke4 63. Rb1 e5 64. Re1+ Kf5 65. Rd1 f3 66. Ke3 Be4 67. Rh1 Nc2+ 68. Kf2 Kg4 69. Rg1+ Kf4 $19 70. Rh1 Bf5 71. Rh4+ Bg4 72. Rh8 e4 73. Rf8+ Bf5 0-1

[Event "WYCC 2018 G18"]
[Site "Halkidiki"]
[Date "2018.10.30"]
[Round "11"]
[White "Buchta, Agnieszka"]
[Black "Prakapuk, Vera"]
[Result "0-1"]
[ECO "B12"]
[WhiteElo "1879"]
[BlackElo "1949"]
[Annotator "NA"]
[PlyCount "144"]
[EventDate "2018.10.20"]
[EventType "swiss"]
[EventCountry "GRE"]
[SourceTitle "playchess.com"]
[Source "ChessBase"]
[SourceQuality "1"]
[TimeControl "40/5400+30:1800+30"]

1. e4 c6 2. d4 d5 3. e5 Bf5 4. c4 e6 5. Nc3 Ne7 6. a3 dxc4 {[%emt 0:00:11] B12: Caro-Kann: Advance Variation} 7. Bxc4 Nd7 8. Nge2 Nb6 9. Bb3 Qd7 10. O-O (10. Ng3 Bg6 11. h4 h6 12. Be3 Nf5 13. h5 Bh7 14. Nxf5 Bxf5 {0-1 (33) Karthikeyan,M (2578)-Berkes,F (2648) Moscow 2017}) 10... Bg6 11. Be3 Nf5 12. Qd2 Be7 13. Nf4 O-O 14. g3 $146 ({Predecessor:} 14. Rad1) 14... c5 15. d5 c4 16. Ba2 Nxe3 17. Qxe3 exd5 18. Rfd1 Bg5 19. b3 Bxf4 20. Qxf4 Qc6 21. Rac1 Bd3 22. Rd2 Rae8 23. Ne2 Qg6 24. Qd4 Qe4 25. Qxe4 Bxe4 26. bxc4 dxc4 27. Bxc4 Nxc4 28. Rxc4 Rxe5 29. f4 Ree8 30. Nc3 Bc6 31. a4 g6 32. Kf2 Kg7 33. Nb5 a6 34. Nd6 Rd8 35. Rcd4 Kg8 36. a5 Rd7 37. Nf5 Rxd4 38. Ne7+ Kg7 39. Rxd4 Bb5 40. Nd5 Rc8 41. g4 Rc2+ 42. Kg3 Ra2 43. g5 Rxa5 44. Nf6 Ra3+ 45. Kh4 Rd3 46. Re4 Bd7 47. Nxd7 Rxd7 48. Kg4 Rd2 49. Re7 b5 50. Ra7 Ra2 51. h4 b4 52. h5 gxh5+ 53. Kxh5 b3 54. f5 Rh2+ 55. Kg4 b2 56. Rb7 a5 57. Rb8 Rg2+ 58. Kh5 Rh2+ 59. Kg4 h5+ $19 60. Kg3 Rc2 61. Rb7 a4 62. g6 a3 63. Rxf7+ Kg8 64. Rb7 a2 65. f6 b1=Q 66. Rg7+ Kf8 67. Rf7+ Ke8 68. Re7+ Kd8 69. g7 Qg1+ 70. Kf4 Qg4+ 71. Ke3 Re2+ 72. Kd3 Rxe7 {[%emt 0:00:14] Kd4} 0-1

[Event "WYCC 2018 G18"]
[Site "Halkidiki"]
[Date "2018.10.30"]
[Round "11"]
[White "Muratova, Saltanat"]
[Black "Du, Yuxin"]
[Result "0-1"]
[ECO "B12"]
[WhiteElo "1859"]
[BlackElo "2011"]
[Annotator "NA"]
[PlyCount "70"]
[EventDate "2018.10.20"]
[EventType "swiss"]
[EventCountry "GRE"]
[SourceTitle "playchess.com"]
[Source "ChessBase"]
[SourceQuality "1"]
[TimeControl "40/5400+30:1800+30"]

1. e4 c6 2. d4 d5 3. e5 Bf5 4. Nf3 e6 5. Be2 c5 6. Be3 Qb6 7. Nc3 Qxb2 8. Qb1 Qxb1+ 9. Rxb1 c4 10. Rxb7 Nc6 11. Nb5 Nd8 12. Rc7 Bxc2 13. Bc1 Ba4 14. Nd6+ Bxd6 15. exd6 Nf6 16. Ne5 O-O 17. d7 $14 Nxd7 18. Nxd7 Bxd7 19. Rxd7 Nc6 20. Ba3 Rfb8 21. Bc5 Rb1+ 22. Bd1 a6 23. O-O Rb2 24. a3 h6 25. f4 Rd2 26. Ba4 Nxd4 27. Bxd4 Rxd4 28. f5 e5 29. Bc6 Rc8 30. Bxd5 c3 31. Bxf7+ Kf8 32. Rxd4 exd4 33. Be6 c2 34. Bxc8 d3 35. f6 d2 0-1

[Event "WYCC 2018 G18"]
[Site "Halkidiki"]
[Date "2018.10.30"]
[Round "11"]
[White "Nguyen, Thi Minh Thu"]
[Black "Kieu, Bich Thuy"]
[Result "1/2-1/2"]
[ECO "D53"]
[WhiteElo "1849"]
[BlackElo "1913"]
[Annotator "NA"]
[PlyCount "37"]
[EventDate "2018.10.20"]
[EventType "swiss"]
[EventCountry "GRE"]
[SourceTitle "playchess.com"]
[Source "ChessBase"]
[SourceQuality "1"]
[TimeControl "40/5400+30:1800+30"]

1. d4 d5 2. c4 e6 3. Nc3 Nf6 4. Bg5 Be7 5. Nf3 c6 6. e3 O-O 7. Bd3 h6 8. Bh4 dxc4 9. Bxc4 Nd5 10. Bxe7 Qxe7 11. O-O Nd7 12. Rc1 Nxc3 13. Rxc3 e5 14. dxe5 Nxe5 15. Nxe5 Qxe5 16. Qb3 Rb8 17. Rd1 Bf5 18. h3 b6 19. Bd3 1/2-1/2

[Event "WYCC 2018 G18"]
[Site "Halkidiki"]
[Date "2018.10.30"]
[Round "11"]
[White "Perminaite, Guoda"]
[Black "Stashis, Anna"]
[Result "1/2-1/2"]
[ECO "B22"]
[WhiteElo "1840"]
[BlackElo "1979"]
[Annotator "NA"]
[PlyCount "48"]
[EventDate "2018.10.20"]
[EventType "swiss"]
[EventCountry "GRE"]
[SourceTitle "playchess.com"]
[Source "ChessBase"]
[SourceQuality "1"]
[TimeControl "40/5400+30:1800+30"]

1. e4 c5 2. c3 Nf6 3. e5 Nd5 4. d4 cxd4 5. cxd4 d6 6. Nf3 Nc6 7. Bc4 Nb6 8. Bb5 dxe5 9. Nxe5 Bd7 10. Nxd7 Qxd7 11. Nc3 e6 12. O-O Rd8 {[%emt 0:02:32] B22: Sicilian: 2 c3} 13. Be3 Be7 14. Qg4 O-O 15. Rad1 Kh8 {[%emt 0:12:44] [#]} 16. a3 $146 ({Predecessor:} 16. d5 exd5 17. Qxd7 Rxd7 18. Bxb6 axb6 19. Rxd5 Rxd5 20. Nxd5 Bc5 21. Re1 g6 {½-½ (21) Simacek,P (2501)-Stocek,J (2566) Prague 2007}) 16... Nd5 17. Nxd5 Qxd5 18. Qe2 Bd6 19. Bc4 Qe4 20. Rfe1 Ne7 21. Qh5 $11 (21. d5 $5) 21... Qf5 22. Qxf5 Nxf5 23. d5 Nxe3 24. Rxe3 Bc5 1/2-1/2

[Event "WYCC 2018 G18"]
[Site "Halkidiki"]
[Date "2018.10.30"]
[Round "11"]
[White "Simic, Anja"]
[Black "Hrescak, Ivana"]
[Result "1/2-1/2"]
[ECO "E91"]
[WhiteElo "1813"]
[BlackElo "2173"]
[Annotator "NA"]
[PlyCount "102"]
[EventDate "2018.10.20"]
[EventType "swiss"]
[EventCountry "GRE"]
[SourceTitle "playchess.com"]
[Source "ChessBase"]
[SourceQuality "1"]
[TimeControl "40/5400+30:1800+30"]

1. d4 Nf6 2. c4 g6 3. Nc3 Bg7 4. e4 d6 5. Nf3 O-O 6. Be2 Nbd7 7. O-O e5 8. d5 Nc5 9. Qc2 a5 10. Be3 Ng4 11. Bxc5 dxc5 12. Ne1 {[%emt 0:12:14] E94: Königsindisch (Klassisches System)} h5 13. Nd3 b6 $146 ({Vorgänger:} 13... Qe7 14. h3 Nh6 15. f3 f5 16. Nf2 Nf7 17. Rfd1 Bh6 18. d6 cxd6 {0-1 (39) Houdart,D (2228)-Shirazi,K (2416) Cappelle-la-Grande 2005}) 14. a3 Qh4 15. Bxg4 hxg4 16. b4 axb4 17. axb4 Rxa1 18. Rxa1 cxb4 19. Nxb4 Bf6 20. Qd3 Kg7 21. Qg3 Qh6 22. Nc6 Re8 23. Ne2 Bd7 24. Rd1 Bxc6 25. dxc6 Re6 26. Qxg4 Rxc6 27. Ng3 Qg5 28. Qe2 Be7 29. Nf1 Bc5 30. g3 Rf6 31. Ne3 Bxe3 32. Qxe3 Qxe3 33. fxe3 Rc6 34. Rc1 Rc5 35. Kf1 b5 36. Ke2 bxc4 37. Kd2 Kf6 38. Kc3 Rc6 39. Rf1+ Ke6 40. g4 g5 41. h3 f6 42. Rd1 Rd6 43. Re1 Ra6 44. Kxc4 Ra2 45. Rf1 Ra4+ 46. Kd3 Ra3+ 47. Kd2 c5 48. Rf3 Ke7 49. Kc2 Ke6 50. Kd2 Rb3 51. Kc2 $15 (51. h4 $5) 51... Ra3 1/2-1/2

[Event "WYCC 2018 G18"]
[Site "Halkidiki"]
[Date "2018.10.30"]
[Round "11"]
[White "Mocanu, Valeria"]
[Black "Koehler, Inken"]
[Result "1/2-1/2"]
[ECO "B42"]
[WhiteElo "1800"]
[BlackElo "1934"]
[Annotator "NA"]
[PlyCount "96"]
[EventDate "2018.10.20"]
[EventType "swiss"]
[EventCountry "GRE"]
[SourceTitle "playchess.com"]
[Source "ChessBase"]
[SourceQuality "1"]
[TimeControl "40/5400+30:1800+30"]

1. e4 c5 2. Nf3 e6 3. d4 cxd4 4. Nxd4 a6 5. Bd3 {[%emt 0:00:00] LiveBook: 12550 Games} Bc5 6. Nb3 Be7 7. O-O d6 8. c4 Nf6 {[%emt 0:00:55] B42: Sicilian: Kan Variation: 5 Bd3} 9. Be3 (9. Nc3 Nbd7 10. a4 b6 11. a5 O-O 12. axb6 Nxb6 13. Be3 Qc7 14. Na5 Rb8 15. b4 Nfd7 16. Rc1 Ne5 17. Be2 Nbd7 {1-0 (64) Kasimdzhanov,R (2704)-Gajewski,G (2654) Berlin 2015}) 9... Nbd7 10. Nc3 Qc7 11. Qe2 b6 12. f3 Bb7 13. a4 $146 ({Predecessor:} 13. Qf2 O-O 14. Rac1 Rac8 15. Rfd1 Bd8 16. Bf1 Qb8 17. Nd4 Bc7 18. g3 Rfe8 19. b4 Ne5 20. Nb3 Qa8 21. Be2 d5 22. exd5 exd5 23. c5 d4 24. Nxd4 bxc5 25. bxc5 Nxf3+ 26. Bxf3 Bxf3 27. Qxf3 Qxf3 28. Nxf3 Rxe3 {0-1 (56) Warakomska,A (2223)-Kalinina,O (2259) Katowice 2014}) 13... Nc5 14. Bc2 Nxb3 15. Bxb3 O-O 16. Bc2 Nd7 17. Bd3 Rac8 18. b3 Bf6 19. Rfc1 Rfe8 20. f4 Nc5 21. Bxc5 Qxc5+ 22. Kh1 Bxc3 23. Rxc3 Qd4 24. Rcc1 d5 25. Re1 dxe4 26. Bxe4 Qxe4 27. Qxe4 Bxe4 28. Rxe4 Red8 29. Rae1 Kf8 30. Kg1 Rd2 31. R1e2 Rcd8 32. Kf2 Ke7 $11 33. f5 Rxe2+ 34. Kxe2 Rd6 35. fxe6 Rxe6 36. Kd3 Rxe4 37. Kxe4 Kd6 38. b4 Kc6 39. g4 a5 40. bxa5 bxa5 41. Kd4 f6 42. h4 Kd6 43. h5 Kc6 44. c5 g6 45. h6 f5 46. gxf5 gxf5 47. Ke5 Kxc5 48. Kxf5 Kd5 {[%emt 0:00:05] Ke4+} 1/2-1/2

[Event "WYCC 2018 G18"]
[Site "Halkidiki"]
[Date "2018.10.30"]
[Round "11"]
[White "Martos Amiguet, Valentina"]
[Black "Greibrokk, Ingrid"]
[Result "0-1"]
[ECO "D00"]
[WhiteElo "1775"]
[BlackElo "2018"]
[Annotator "NA"]
[PlyCount "80"]
[EventDate "2018.10.20"]
[EventType "swiss"]
[EventCountry "GRE"]
[SourceTitle "playchess.com"]
[Source "ChessBase"]
[SourceQuality "1"]
[TimeControl "40/5400+30:1800+30"]

1. d4 d5 2. Bf4 Nf6 3. e3 e6 4. Nf3 Nbd7 5. Nbd2 Be7 6. Bd3 O-O 7. h3 {D02: Damenbauernspiele} c5 8. c3 b6 9. O-O (9. Ne5 Bb7 10. Qf3 Qc8 11. a4 a6 12. O-O c4 13. Be2 Kh8 {1-0 (48) Hort,V (2421)-Clara,H (2289) Dresden 2018}) 9... a5 10. Re1 Ba6 11. Bc2 Rc8 $146 ({Vorgänger:} 11... b5 12. Ne5 Nxe5 13. dxe5 Nd7 14. Qg4 {1-0 (25) Freeman,R (2121)-Lysons,J (1960) Telford 2004}) 12. e4 dxe4 13. Nxe4 Nxe4 14. Bxe4 Nf6 15. Bc2 Bb7 16. Rc1 cxd4 17. cxd4 (17. Nxd4 $11 {remains equal.} Qd5 18. Qf3) 17... Bb4 18. Re3 Nd5 19. Qd3 Rxc2 20. Qxc2 Nxf4 21. a3 Be7 22. Qc7 Bxf3 23. Qxf4 Bd5 24. Qg4 h5 25. Qg3 Bh4 26. Qh2 Bg5 27. f4 Bf6 28. Rd3 Be4 $19 29. Rdd1 Bxd4+ 30. Kh1 Qf6 31. Rc4 Rd8 32. Qg3 b5 33. Rc7 Bxb2 34. Re1 Bg6 35. Rb7 Qc3 36. Qh4 Rc8 37. Rxb5 Bxa3 38. Ree5 Bb4 39. Kh2 Bd6 40. Rg5 Qd2 0-1

[Event "WYCC 2018 G18"]
[Site "Halkidiki"]
[Date "2018.10.30"]
[Round "11"]
[White "Manriquez Abarzua, Maria Belen"]
[Black "Tonso, Liina"]
[Result "1-0"]
[ECO "B28"]
[WhiteElo "1630"]
[BlackElo "1805"]
[Annotator "NA"]
[PlyCount "115"]
[EventDate "2018.10.20"]
[EventType "swiss"]
[EventCountry "GRE"]
[SourceTitle "playchess.com"]
[Source "ChessBase"]
[SourceQuality "1"]
[TimeControl "40/5400+30:1800+30"]

1. e4 c5 2. Nf3 a6 3. d4 cxd4 4. Nxd4 e5 5. Nb3 Nf6 6. Nc3 Bb4 7. Bd3 O-O 8. O-O d6 9. Bg5 Bxc3 10. bxc3 h6 11. Bc1 d5 12. exd5 Nxd5 13. Qe1 Qc7 14. c4 Nf6 15. Bb2 Re8 16. Qc3 Nc6 17. Rfe1 Bd7 18. Nc5 Qb6 19. Nxd7 Nxd7 20. Rab1 Qb4 21. Be4 Qxc3 22. Bxc3 Rab8 23. h3 g6 24. Bxc6 bxc6 25. Rbd1 Rb7 26. Rd6 Re6 27. Red1 Rxd6 28. Rxd6 Kf8 29. Rxc6 Rb1+ 30. Kh2 Rc1 31. Bb4+ Kg7 32. Rd6 Nf8 33. Rd2 Ne6 34. Bc3 Nd4 35. f4 Rxc2 36. Rxc2 Nxc2 37. Bxe5+ Kf8 38. Bd6+ Ke8 39. g4 Kd7 40. Bf8 Ne3 41. Bxh6 Nxc4 42. Kg3 Ke7 43. h4 Nd6 44. Kf3 Nb5 45. h5 gxh5 46. gxh5 f6 47. Bg7 Kf7 48. h6 Nd4+ 49. Ke4 Ne6 50. f5 Nc7 51. a4 Ne8 52. Kd5 Kg8 53. Ke6 Nxg7+ 54. hxg7 Kxg7 55. a5 Kg8 56. Kxf6 Kf8 57. Ke6 Ke8 58. f6 1-0

[Event "WYCC 2018 G18"]
[Site "Halkidiki"]
[Date "2018.10.30"]
[Round "11"]
[White "Ramirez Toledo, Ayleen Maribel"]
[Black "Belluire, Beatrice"]
[Result "1/2-1/2"]
[ECO "A05"]
[WhiteElo "1545"]
[BlackElo "1931"]
[Annotator "NA"]
[PlyCount "84"]
[EventDate "2018.10.20"]
[EventType "swiss"]
[EventCountry "GRE"]
[SourceTitle "playchess.com"]
[Source "ChessBase"]
[SourceQuality "1"]
[TimeControl "40/5400+30:1800+30"]

1. Nf3 Nf6 2. g3 b5 3. Bg2 Bb7 4. d4 e6 5. O-O c5 6. b3 d5 7. Bb2 Be7 8. c4 b4 9. Qc2 Nbd7 10. Nbd2 dxc4 11. Nxc4 O-O 12. Rfd1 Qc7 13. Rac1 Rac8 14. Nfe5 Bxg2 15. Kxg2 Qb7+ 16. Kg1 $11 cxd4 17. Bxd4 Nxe5 18. Bxe5 Rfd8 19. Qb2 Qa6 20. Kg2 h6 21. Ne3 Rxc1 22. Rxc1 Rc8 23. Rxc8+ Qxc8 24. f3 Ne8 25. Bd4 Bf6 26. Bxf6 Nxf6 27. Qd4 Qa6 28. Qd2 Qb5 29. Kf2 Nd7 30. Nc2 a5 31. Ne3 Nc5 32. Qd4 Nb7 33. Nc4 Kf8 34. Ke3 Qg5+ 35. Kf2 Qh5 36. h4 Qb5 37. Ke3 f6 38. g4 e5 39. Qa7 Qd5 40. Qb6 Qd7 41. Qa7 Qd5 42. Qb6 Qd7 1/2-1/2